 Dungeon Crawl Stone Soup version 0.31.0-4-g52a2dc7128 (webtiles) character file.

Game seed: 15491389255664919223

104 Esekla the Magician (level 5, -6/31 (37) HPs)
             Began as a Formicid Hedge Wizard on Jan 22, 2024.
             Was a Believer of Sif Muna.
             Mangled by a two-headed ogre
             ... wielding a +0 giant club
              (31 damage)
             ... on level 9 of the Dungeon.
             The game lasted 00:20:13 (4229 turns).

Esekla the Magician (Formicid Hedge Wizard)         Turns: 4229, Time: 00:20:13

HP:   -6/31 (37)    AC:  3    Str: 15    XL:     5   Next: 7%
MP:   5/11          EV: 12    Int: 15    God:    Sif Muna [**....]
Gold: 121           SH:  0    Dex: 13    Spells: 8/12 levels left

rFire   . . .        a - +0 long sword
rCold   . . .        (no shield)
rNeg    . . .        k - +0 leather armour
rPois   .            (helmet unavailable)
rElec   .            (no cloak)
rCorr   .            (no gloves)
SInv    +            (no boots)
Will    .....        (no amulet)
Stlth   ++           f - ring of flight
HPRegen 0.25/turn    (no ring)
MPRegen 0.12/turn

%: no passive effects
@: flying, very slightly contaminated, heavily drained
A: permanent stasis, dig shafts and tunnels, antennae 3, four strong arms
a: Dig, Shaft Self, Renounce Religion, Channel Magic


You were on level 9 of the Dungeon.
You worshipped Sif Muna.
Sif Muna was pleased with you.
You visited 1 branch of the dungeon, and saw 7 of its levels.

You collected 121 gold pieces.

Inventory:

Hand Weapons
 a - a +0 long sword (weapon)
 s - a +0 dagger
Missiles
 m - 11 poisoned darts (quivered)
 y - 6 boomerangs
Armour
 k - a +0 leather armour (worn)
Jewellery
 f - a ring of flight (left hand)
 j - a ring of ice
Scrolls
 b - a scroll of amnesia {unknown}
 h - 2 scrolls of poison {unknown}
 l - 4 scrolls of identify {unknown}
 n - a scroll of enchant weapon {unknown}
 o - a scroll of teleportation {unknown}
 q - a scroll of fog {unknown}
 v - a scroll of torment {unknown}
 w - a scroll of revelation {unknown}
Potions
 c - a potion of magic
 d - 3 potions of enlightenment {unknown}
 e - a potion of experience {unknown}
 g - 3 potions of degeneration {unknown}
 i - a potion of mutation {unknown}
 p - a potion of haste {unknown}
 r - 2 potions of cancellation {unknown}
 t - 2 potions of lignification {unknown}
 u - 3 potions of brilliance {unknown}
 x - a potion of attraction {unknown}
 z - a potion of curing {unknown}


   Skills:
 * Level 1.1 Fighting
 + Level 0.7 Short Blades
 * Level 1.8 Armour
 + Level 2.0 Dodging
 + Level 2.7 Stealth
 * Level 4.3 Spellcasting
 + Level 1.0 Conjurations
 + Level 1.0 Summonings
 + Level 0.8 Translocations
 * Level 0.5 Air Magic
 * Level 0.8 Alchemy


You had 8 spell levels left.
You knew the following spells:

 Your Spells              Type           Power      Damage    Failure   Level
a - Magic Dart            Conj           24%        1d4       14%         1
c - Mephitic Cloud        Conj/Alch/Air  5%         N/A       43%         3

Your spell library contained the following spells:

 Spells                   Type           Power      Damage    Failure   Level
 Foxfire                  Conj/Fire      16%        2x1d4     17%         1
 Slow                     Hex            12%        N/A       22%         1
 Call Imp                 Summ           12%        N/A       22%         2
 Cigotuvi's Dreadful Rot  Necr/Alch/Air  8%         N/A       26%         2
 Plasma Beam              Fire/Air       1%         2x1d11    100%        6
 Starburst                Conj/Fire      2%         6d3       100%        6
 Blink                    Tloc           Unusable   N/A       N/A         2

Dungeon Overview and Level Annotations

Branches:
Dungeon (6/15)             Temple (0/1) D:4

Altars:
Sif Muna
Vehumet
Xom


Innate Abilities, Weirdness & Mutations

You cannot be hasted, slowed, berserked, paralysed or teleported.
You can dig through walls and to a lower floor.
You have a pair of large antennae on your head. (SInv)
Your four strong arms can wield two-handed weapons with a shield.


Message History

You hear a shout! x3
A kobold comes into view. It is wielding a +0 short sword.
You hear an angry buzzing noise. x2
The kobold throws a stone.
The stone closely misses you.
There is a stone staircase leading down here.
Found an escape hatch in the ceiling.
A two-headed ogre comes into view. It is wielding two +0 giant clubs.
A gnoll and a kobold come into view.
The kobold shouts!
A centaur comes into view.
A killer bee comes into view.
The gnoll moves out of view.
The centaur hits you. The centaur barely misses you.
A gnoll comes into view. It is wielding a +0 whip.
Casting: Magic Dart (safe; 14% risk of failure)
Confirm with . or Enter, or press ? or * to list all spells.
Aiming: Mephitic Cloud (extremely dangerous; 43% risk of failure)
Press: ? - help, Shift-Dir - straight line, f - two-headed ogre
Aim: a two-headed ogre, wielding two +0 giant clubs (chance to affect: 53%)
You miscast Mephitic Cloud.
You are very lightly contaminated with residual magic.
Nothing appears to happen.
The gnoll shouts!
You hear a shout!
The centaur hits you but does no damage.
The centaur kicks you but does no damage.
The centaur hits you but does no damage.
The centaur closely misses you.
A gnoll comes into view. It is wielding a +0 flail.
Casting: Mephitic Cloud (extremely dangerous; 43% risk of failure)
Confirm with . or Enter, or press ? or * to list all spells.
Aiming: Mephitic Cloud (extremely dangerous; 43% risk of failure)
Press: ? - help, Shift-Dir - straight line, f/p - two-headed ogre
Aim: a two-headed ogre, wielding two +0 giant clubs (chance to affect: 53%)
You miscast Mephitic Cloud.
Nothing appears to happen.
The centaur hits you but does no damage.
The centaur kicks you. The centaur hits you.
The centaur kicks you but does no damage.
The two-headed ogre hits you with a +0 giant club!!
Ouch! That really hurt!
You die...

#.#...>.?.##
#.###
#.#..###.## #
#.(###.# #
#..#...# #.#
.#.K#.#.## ..
y.K.K.K..#.##.#
.#.##.#K......#
K#.##.#O##.####
K #. # #@# .#
#c# # {{ ,#g# {
,g.# { .## #.
.. ..


You could see a two-headed ogre, a centaur, 2 gnolls and 2 kobolds.

Vanquished Creatures
  3 adders
  2 ribbon worms
  A dart slug (D:3)
  An orc (D:4)
  8 endoplasms
  4 giant cockroaches
  6 goblins
  5 hobgoblins
  3 quokkas
  8 ball pythons
  6 bats
  2 frilled lizards
  11 kobolds
  2 rats (D:1)
62 creatures vanquished.

Notes
Turn   | Place    | Note
-------+----------+-------------------------------------------
     0 | D:1      | Esekla the Formicid Hedge Wizard began the quest for the
                  | Orb.
     0 | D:1      | Reached XP level 1. HP: 13/13 MP: 4/4
   181 | D:1      | Reached XP level 2. HP: 8/19 MP: 1/6
   461 | D:1      | Found a faded altar of an unknown god.
   464 | D:1      | Prayed at the altar of an unknown god.
   464 | D:1      | Became a worshipper of Sif Muna the Loreminder
   464 | D:1      | Reached * piety under Sif Muna
   615 | D:1      | Reached skill level 4 in Spellcasting
  1070 | D:1      | Reached XP level 3. HP: 24/24 MP: 5/8
  1074 | D:1      | Learned a level 3 spell: Mephitic Cloud
  1477 | D:2      | Reached skill level 1 in Conjurations
  1733 | D:3      | Reached XP level 4. HP: 31/31 MP: 8/10
  2060 | D:2      | You are sucked into a shaft and drop 2 floors!
  2168 | D:4      | Found a staircase to the Ecumenical Temple.
  2361 | D:3      | Reached ** piety under Sif Muna
  2395 | D:3      | Found a shimmering altar of Xom.
  2396 | D:3      | Found a radiant altar of Vehumet.
  2488 | D:3      | Reached skill level 1 in Fighting
  2488 | D:3      | Reached skill level 1 in Armour
  3719 | D:4      | Reached XP level 5. HP: 34/37 MP: 5/11
  3804 | D:4      | Noticed a phantom
  3925 | D:3      | You are sucked into a shaft and drop 2 floors!
  3925 | D:5      | Entered Level 5 of the Dungeon
  4032 | D:5      | Noticed a centaur
  4037 | D:5      | Noticed an ice beast
  4089 | D:6      | Noticed an ogre
  4095 | D:6      | You are sucked into a shaft and drop 3 floors!
  4222 | D:9      | Noticed a two-headed ogre
  4223 | D:9      | Noticed a centaur
  4229 | D:9      | Mangled by a two-headed ogre

Illustrated notes

Levels and vault maps discovered:
D:1:      heliophobic_arrival_battle_scene, layout_basic,
          hellmonk_ecumenical_altar_inner_sanctum, st_stairs_5
D:2:      wander_river, layout_loops_ring
D:3:      layout_basic, mainiacjoe_overflow_catwalk_spiral,
          kennysheep_generic_room_8
D:4:      layout_basic, minmay_temple_entry_wispy
D:5:      layout_rooms, demons_altar, minmay_shop_damaged, grunt_ministairs_2,
          corexii_item_surrounded_by_moat, minmay_manual_mares
D:6:      layout_basic, zin_academy, mainiacjoe_overflow_small_starburst,
          jmf_multi_god_temple
D:9:      layout_loops_ring, lemuel_doored_altar

Skill      XL: |  1  2  3  4 |
---------------+-------------+-----
Spellcasting   | 4 |  4.3
Conjurations   | 1 |  1.0
Fighting       | 1 |  1.1
Armour         | 1 |  1.8
Dodging        | 2 |  2.0
Short Blades   | |  0.7
Stealth        | |  2.7
Summonings     | |  1.0
Translocations | |  0.8
Air Magic      | |  0.5
Alchemy        | |  0.8

Action                     |  1- 3 |  4- 6 || total
---------------------------+-------+-------++-------
  Melee: Dagger            |   120 |   122 ||   242
         Punch             |       |     2 ||     2
         Long sword        |       |    10 ||    10
   Cast: Magic Dart        |    45 |    57 ||   102
         Mephitic Cloud    |       |     1 ||     1
Ability: Shaft Self        |       |     4 ||     4
         Dig               |       |     1 ||     1
   Stab: Sleeping          |     1 |     1 ||     2
         Confused          |       |     2 ||     2
         Distracted        |       |     1 ||     1
 Armour: Robe              |    37 |       ||    37
         Leather armour    |    31 |    90 ||   121
  Dodge: Dodged            |    60 |    77 ||   137
